 Dungeon Crawl Stone Soup version 0.28.0-53-g5a82cb258f (webtiles) character file.

Game seed: 10726949618586349667

17 Peloso the Skirmisher (level 2, 24/24 HPs)
             Began as a Minotaur Fighter on May 21, 2022.
             Got out of the dungeon alive.
             The game lasted 00:00:57 (1025 turns).

Peloso the Skirmisher (Minotaur Fighter)            Turns: 1025, Time: 00:00:57

Health: 24/24      AC:  7    Str: 20    XL:     2   Next: 44%
Magic:  1/1        EV:  9    Int:  5    God:
Gold:   41         SH:  4    Dex: 11    Spells: 1/1 levels left

rFire   . . .      SeeInvis .   a - +0 long sword
rCold   . . .      Faith    .   c - +0 buckler
rNeg    . . .      Spirit   .   b - +0 scale mail
rPois   .          Reflect  .   (helmet restricted)
rElec   .          Harm     .   (no cloak)
rCorr   .          Rampage  .   (no gloves)
Will    .....                   (no boots)
Stlth   ..........              (no amulet)
HPRegen 0.08/turn               (no ring)
MPRegen 0.07/turn               (no ring)

@: no status effects
A: horns 2, retaliatory headbutt, agile 1, frail 1
a: no special abilities


You escaped.
You visited 1 branch of the dungeon, and saw 1 of its levels.

You collected 41 gold pieces.

Inventory:

Hand Weapons
 a - a +0 long sword (weapon)
Armour
 b - a +0 scale mail (worn)
 c - a +0 buckler (worn)
Potions
 d - a potion of might


   Skills:
 + Level 4.1 Fighting
 + Level 2.6 Long Blades
 + Level 3.9 Armour
 + Level 3.9 Shields


You had one spell level left.
You didn't know any spells.
Your spell library was empty.

Dungeon Overview and Level Annotations

Branches:
Dungeon (1/15)

Altars:


Innate Abilities, Weirdness & Mutations

You have a pair of horns on your head.
You reflexively headbutt those who attack you in melee.
You are agile. (Dex +2)
You are frail. (-10% HP)


Message History

An endoplasm is nearby!
An endoplasm is nearby!
An endoplasm is nearby!
You block the endoplasm's attack.
You slash the endoplasm!
You kill the endoplasm!
Found 21 bolts.
Found a stone staircase leading down.
Found a short sword.
A bat comes into view.
A bat is nearby!
A bat is nearby!
You barely miss the bat. The bat barely misses you.
You block the bat's attack. x2
You hit the bat.
You kill the bat!
You see here a bat corpse.
Found 13 stones.
You see here a +0 short sword.
You see here a +0 short sword.
There is a stone staircase leading down here.
There is a stone staircase leading down here.
Key pressed, stopping explore.
Done exploring.
Done exploring.
Done exploring.
Done exploring.
As you read the scroll labelled VEMAF NOQOE, it crumbles to dust.
You hear a loud clanging noise!
It was a scroll of noise.
It was a potion of heal wounds.
You feel much better.
It was a potion of mutation.
You feel extremely strange.
You feel frail.
You feel agile.
(D) Dungeon
Where to? (? - help)
What level of the Dungeon? (default 1, ? - help)
There is an open door here.
There is a staircase leading out of the dungeon here.
Are you sure you want to leave the Dungeon?
This will make you lose the game!
Alright, then stay!
Are you sure you want to leave the Dungeon?
This will make you lose the game!
You have escaped!

..##......##..##.#.### #..#
..##.##.####..##.#.# #..####
..##.##.# ##.##.#.# #.....#
.....##.# #.##.#.# ###.###.####
..#####.### ######## #...........
..........##############.###.####
.##..........##.....# #.# #.#
.##.###......##.....# #.###.####
.##.#####.##.##.@##.# #.........
.......##.##.##.....# ###.#.####
........#.##.##.....######.#.####
###.##..#.##.######'##...........
#.##..#.##.######.##.#####.....
#.##.......#.(.#.....# #######
#.###.#.##.#...#.....# #.#####
#.###.#.##.#.8.#.....# #.'....
#...)......#...'....## #.#####


There were no monsters in sight!

Vanquished Creatures
  A ball python (D:1)
  3 bats (D:1)
  4 endoplasms (D:1)
  A goblin (D:1)
  A hobgoblin (D:1)
  2 quokkas (D:1)
  A frilled lizard (D:1)
13 creatures vanquished.

Notes
Turn   | Place    | Note
-------+----------+-------------------------------------------
     0 | D:1      | Peloso the Minotaur Fighter began the quest for the Orb.
     0 | D:1      | Reached XP level 1. HP: 19/19 MP: 0/0
   247 | D:1      | Found a faded altar of an unknown god.
   264 | D:1      | Reached XP level 2. HP: 25/27 MP: 1/1
   597 | D:1      | Reached skill level 4 in Fighting
   934 | D:1      | Gained mutation: You are frail. (-10% HP) [potion of
                  | mutation]
   934 | D:1      | Gained mutation: You are agile. (Dex +2) [potion of
                  | mutation]
  1025 | D:$      | Got out of the dungeon alive.

Illustrated notes

Levels and vault maps discovered:
D:1:      dpeg_arrival_rooms_b, layout_loops_ring,
          shapermc_ecumenical_altar_venn, roderic_serpentine_path

Skill      XL: |  1  2 |
---------------+-------+-----
Fighting       | 4 |  4.1
Long Blades    | |  2.6
Armour         | |  3.9
Shields        | |  3.9

Action                   || total
-------------------------++-------
Melee: Long sword        ||    33
       Headbutt          ||     4
  Use: Potion            ||     2
       Scroll            ||     1
Armor: Scale mail        ||    16
Dodge: Dodged            ||    17
Block: Buckler           ||    10
